Map: Ice and Chrome LE

Players

TIME (Oliveira) - Winner!

  • Race: Terran Terran
  • Spawn Location: 7:00

LiquidMaNa (MaNa)

  • Race: Protoss Protoss
  • League: Master
  • Spawn Location: 1:00

Event: War Chest Team League

VOD

Have the link to the VOD?

Description

Time

  • Played on: Aug. 9, 2020, 7:48 a.m.
  • Length: 7:23
Show
View Real Time Build Order
Export as new Build Order

TIME Terran - Winner!

Build Orders: Gas First Reaper Expand 

Get SALT Encoding   

  12  0:00  SCV  
  13  0:12  SCV  
  14  0:18  Supply Depot  
  14  0:25  SCV  
  14  0:27  Refinery  
  15  0:39  SCV  
  16  0:43  Barracks  
  16  0:52  SCV  
  17  1:04  SCV  
  18  1:16  SCV  
  19  1:31  Orbital Command, Reaper  
  20  1:49  Command Center  
  20  1:57  SCV  
  21  2:03  Factory  
  21  2:08  Barracks Reactor  
  21  2:10  SCV  
  22  2:16  Supply Depot  
  22  2:21  Refinery  
  22  2:22  SCV  
  23  2:37  SCV  
  24  2:46  Marine x2  
  24  2:47  Hellion, Starport  
  24  2:50  SCV  
  29  3:01  Orbital Command  
  29  3:03  SCV  
  29  3:05  Marine  
  31  3:06  Marine  
  31  3:11  Widow Mine  
  34  3:15  SCV  
  35  3:22  Marine  
  35  3:24  Marine  
  35  3:25  Medivac  
  39  3:27  SCV  
  39  3:31  Supply Depot  
  39  3:33  SCV  
  41  3:37  Hellion  
  41  3:39  SCV  
  41  3:40  Marine  
  45  3:43  Marine  
  46  3:52  SCV x2  
  46  3:53  Supply Depot  
  48  3:57  Starport Tech Lab  
  48  4:00  Factory Tech Lab  
  48  4:05  SCV x2  
  50  4:12  Barracks, Marine x2  
  50  4:14  Barracks  
  50  4:17  Raven, SCV  
  53  4:21  SCV  
  56  4:24  Supply Depot  
  56  4:33  Siege Tank  
  56  4:34  Marine  
  60  4:39  SCV  
  57  4:46  SCV  
  57  4:51  SCV  
  57  4:52  Marine  
  60  4:56  Refinery  
  60  4:57  Engineering Bay, Refinery  
  60  4:58  SCV  
  60  4:59  Supply Depot  
  61  5:03  SCV  
  62  5:07  Marine  
  62  5:08  Stimpack  
  62  5:10  SCV  
  62  5:13  Combat Shield, Marine x2  
  68  5:14  Marauder  
  68  5:16  SCV  
  69  5:22  Supply Depot, SCV  
  69  5:23  Terran Infantry Weapons Level 1  
  69  5:25  Starport Reactor  
  69  5:28  SCV  
  71  5:30  Marauder  
  71  5:34  Supply Depot, Marine x2, SCV  
  76  5:37  Marauder  
  76  5:39  Factory Reactor  
  78  5:44  SCV  
  78  5:45  Supply Depot  
  78  5:46  SCV  
  80  5:51  Marauder  
  80  5:52  Marine x2  
  80  5:56  SCV  
  84  5:58  Supply Depot  
  84  6:05  Medivac x2  
  84  6:06  Marauder  
  84  6:07  Supply Depot  
  84  6:10  Marine x2  
  92  6:16  Widow Mine x2  
  96  6:29  Marine x2  
  96  6:30  Marauder  
  100  6:36  Supply Depot, Command Center, SCV x2  
  100  6:37  Medivac x2  
  106  6:42  Widow Mine x2  
  106  6:46  Marine  
  109  6:47  Supply Depot, Marine  
  110  7:01  Marine  
  110  7:02  Marauder  
  110  7:04  Marine  
Show
View Real Time Build Order
Export as new Build Order

LiquidMaNa Protoss 

Build Orders: 1 Gate Expand, Blink Stalkers, Colossus Rush 

Get SALT Encoding   

  12  0:00  Probe  
  13  0:12  Probe  
  14  0:19  Pylon  
  14  0:24  Probe  
  15  0:37  Probe (Chrono Boost)  
  15  0:39  Gateway  
  16  0:47  Probe (Chrono Boost)  
  16  0:48  Assimilator  
  17  0:52  Probe (Chrono Boost)  
  18  1:03  Probe  
  19  1:15  Probe  
  20  1:28  Nexus  
  20  1:34  Cybernetics Core  
  20  1:37  Probe  
  21  1:44  Assimilator  
  21  1:52  Pylon  
  21  1:53  Probe  
  22  2:05  Probe  
  22  2:08  Adept (Chrono Boost)  
  23  2:11  Warp Gate  
  23  2:14  Shield Battery  
  25  2:17  Probe  
  26  2:29  Probe (Chrono Boost)  
  27  2:31  Stalker  
  29  2:37  Twilight Council  
  29  2:41  Probe (Chrono Boost)  
  31  2:44  Probe (Chrono Boost)  
  31  2:49  Probe  
  32  2:56  Probe (Chrono Boost)  
  33  3:00  Robotics Facility  
  34  3:07  Probe (Chrono Boost)  
  34  3:12  Probe (Chrono Boost)  
  35  3:17  Probe x2 (Chrono Boost)  
  37  3:26  Probe  
  39  3:27  Probe  
  39  3:31  Gateway  
  39  3:37  Gateway  
  39  3:40  Probe x2  
  41  3:48  Pylon  
  41  3:49  Observer (Chrono Boost)  
  41  3:52  Probe x2, Blink  
  41  3:55  Assimilator  
  44  3:58  Assimilator  
  44  4:01  Stalker  
  46  4:05  Observer  
  46  4:06  Probe x2  
  46  4:08  Pylon  
  49  4:19  Probe x2  
  51  4:27  Stalker  
  51  4:28  Stalker  
  55  4:33  Pylon  
  55  4:35  Probe x2  
  55  4:36  Stalker  
  59  4:45  Pylon  
  51  4:47  Pylon, Probe  
  53  4:53  Pylon  
  53  4:54  Stalker  
  54  5:03  Probe  
  54  5:07  Stalker  
  57  5:09  Probe, Robotics Bay  
  57  5:12  Forge  
  58  5:15  Probe  
  58  5:19  Sentry, Observer  
  62  5:21  Probe  
  62  5:26  Stalker  
  62  5:27  Probe  
  62  5:28  Pylon  
  66  5:31  Observer  
  66  5:40  Pylon  
  66  5:44  Probe x2  
  68  5:53  Colossus (Chrono Boost)  
  68  5:59  Observer  
  74  6:04  Probe x2  
  74  6:05  Nexus  
  76  6:12  Sentry  
  76  6:16  Probe x2  
  80  6:18  Pylon  
  79  6:31  Gateway x2  
  79  6:44  Sentry  
  79  6:45  Zealot x2  
  91  6:49  Shield Battery  
  91  6:51  Probe x2  
  92  7:03  Probe x2  
Tags
 
Add a new tag
Caveats
  • Supply blocks, unpowered buildings, or Contaminate may cause inaccurate times.
  • Supply counts are checked every 10 seconds.